AoeStats
← FJL

Arabia

508539809Analyzed
1v1 RM · 10d ago on Sep 22, 2026· 34m 27s· 2 players
Game mode
Random Map
Map size
Tiny (2 player)
Population
200
Speed
Normal
Resources
Standard
Victory
Conquest
Starting age
Dark Age
Ending age
Imperial Age
RankedLock teamsTeams togetherTeam positionsShared explorationLock speedFull tech treeHidden civsTurbo modeCheats
Victory
Defeat
🇦🇷 Bohemians · Argentina
1820
+21
🇩🇰 Tupi · Denmark
1944
-21
FJL
7:18 Loom
9:54 Feudal Age
11:21 Double-Bit Axe
13:08 Fletching
19:37 Castle Age
18:00 Padded Archer Armor
17:50 Horse Collar
19:38 Crossbowman
20:20 Bodkin Arrow
22:01 Ballistics
23:28 Bow Saw
24:46 Chemistry
25:55 Leather Archer Armor
26:17 Wheelbarrow
34:18 Imperial Age
Young Carter
9:31 Loom
11:48 Feudal Age
12:24 Double-Bit Axe
12:04 Champi Runner
13:01 Horse Collar
14:55 Scale Mail Armor
15:40 Gold Mining
20:10 Castle Age
19:27 Forging
20:23 Champi Warrior
21:32 Chain Mail Armor
21:45 Squires
23:56 Bow Saw
27:56 Wheelbarrow
31:02 Fletching
31:43 Padded Archer Armor
32:57 Bodkin Arrow
33:21 Leather Archer Armor
Connection lost

Rejoining the realm…

Still unreachable

The connection could not be restored.

Session expired

The server has moved on; the page needs a fresh start.